 Dungeon Crawl Stone Soup version 0.31-a0-700-gf13585253f (webtiles) character file.

Game seed: 10965622191158649243

815 Xavori the Sneak (level 7, -2/41 (49) HPs)
             Began as an Octopode Chaos Knight on Sept 7, 2023.
             Was a Plaything of Xom.
             Slain by benadryl's ghost (7 damage)
             ... on level 4 of the Dungeon.
             The game lasted 00:03:47 (13067 turns).

Xavori the Sneak (Octopode Chaos Knight)           Turns: 13067, Time: 00:03:48

HP:   -2/41 (49)    AC:  1    Str: 11 (12) XL:     7   Next: 94%
MP:   16/16         EV: 14    Int: 12      God:    Xom [*.....]
Gold: 234           SH:  0    Dex: 13      Spells: 6/6 levels left

rFire   . . .        a - +0 short sword (chaos)
rCold   + . .        (no shield)
rNeg    . . .        (helmet restricted)
rPois   .            (no amulet)
rElec   .            f - ring of magical power
rCorr   .            (no ring)
SInv    .            (no ring)
Will    .....        (no ring)
Stlth   +++++        (no ring)
HPRegen 0.26/turn    (no ring)
MPRegen 0.15/turn    (no ring)
                     (no ring)

%: no passive effects
@: heavily drained
A: almost no armour, amphibious, 8 rings, camouflage 1, gelatinous body 1,
(nimble swimmer 1), tentacles, tentacle spike 2, cold resistance 1,
deterioration 1, dopey 1, inability to drink after injury 1, MP-powered wands
a: Renounce Religion


You were on level 4 of the Dungeon.
You worshipped Xom.
You were a special plaything of Xom.
You visited 1 branch of the dungeon, and saw 4 of its levels.

You collected 234 gold pieces.

Inventory:

Hand Weapons
 a - a +0 short sword of chaos (weapon)
Jewellery
 f - a ring of magical power (left tentacle)
Talismans
 m - a flux talisman
Wands
 i - a wand of charming (6)
 o - a wand of roots (8)
Scrolls
 b - 3 scrolls of butterflies
 c - 2 scrolls of teleportation {unknown}
 j - 2 scrolls of identify {unknown}
 l - 2 scrolls of enchant weapon {unknown}
 n - a scroll of vulnerability {unknown}
 p - a scroll of enchant armour {unknown}
 r - a scroll of silence {unknown}
Potions
 d - 2 potions of berserk rage {unknown}
 e - 5 potions of lignification {unknown}
 g - a potion of attraction {unknown}
 k - a potion of heal wounds {unknown}
 q - a potion of resistance {unknown}
 s - a potion of invisibility {unknown}
Miscellaneous
 h - a phantom mirror


   Skills:
 + Level 4.4 Fighting
 + Level 4.8 Short Blades
 + Level 3.1 Dodging
 + Level 7.8 Stealth
 * Level 2.4 Evocations
 * Level 1.9 Shapeshifting


You had 6 spell levels left.
You didn't know any spells.
Your spell library contained the following spells:

 Spells                   Type           Power      Damage    Failure   Level
 Sting                    Tmut/Pois      0%         1d3       32%         1
 Poisonous Vapours        Pois/Air       0%         N/A       45%         2
 Dazzling Flash           Conj/Hex       0%         N/A       69%         3
 Manifold Assault         Tloc           0%         N/A       97%         4
 Olgreb's Toxic Radiance  Pois           0%         N/A       97%         4
 Agony                    Necr           0%         N/A       100%        5
 Silence                  Hex/Air        0%         N/A       100%        5
 Dispersal                Tloc           0%         N/A       100%        6
 Disjunction              Tloc           0%         N/A       100%        8


Dungeon Overview and Level Annotations

Branches:
Dungeon (4/15)             Temple (0/1) D:4

Altars:

Annotations:
D:4 benadryl's ghost, amateur OgRe


Innate Abilities, Weirdness & Mutations

You cannot wear most types of armour.
You are amphibious.
You can wear up to eight rings at the same time.
Your skin changes colour to match your surroundings (Stealth+).
Your rubbery body absorbs attacks. (AC +1, EV +1)
((You are camouflaged when in or above water. (Stealth+)))
You have tentacles for arms and can constrict up to eight enemies at once.
One of your tentacles bears a nasty spike.
Your flesh is cold resistant. (rC+)
Your body sometimes deteriorates upon taking damage.
You are dopey. (Int -2)
You occasionally lose the ability to drink potions when taking damage.
You expend magic power (3 MP) to strengthen your wands.


Message History

You hit benadryl's ghost.
Benadryl's ghost convulses.
Your tentacle spike misses benadryl's ghost.
Benadryl's ghost is moderately damaged.
Benadryl's ghost barely misses you.
You barely miss benadryl's ghost.
Benadryl's ghost is moderately damaged.
Benadryl's ghost hits you.
* * * LOW HITPOINT WARNING * * *
You feel drained.
You hit benadryl's ghost but do no damage.
Benadryl's ghost is moderately damaged.
Benadryl's ghost hits you.
* * * LOW HITPOINT WARNING * * *
You feel drained.
You hit benadryl's ghost but do no damage.
Benadryl's ghost is moderately damaged.
You barely miss benadryl's ghost.
Benadryl's ghost is moderately damaged.
Benadryl's ghost hits you but does no damage.
You feel drained.
You hit benadryl's ghost.
Your tentacle spike misses benadryl's ghost.
Benadryl's ghost is heavily damaged.
Benadryl's ghost hits you.
* * * LOW HITPOINT WARNING * * *
You feel drained.
You barely miss benadryl's ghost.
You squeeze benadryl's ghost, but do no damage.
Benadryl's ghost is heavily damaged.
Benadryl's ghost hits you!
* * * LOW HITPOINT WARNING * * *
You feel drained.
You hit benadryl's ghost. You freeze benadryl's ghost.
Your tentacle spike misses benadryl's ghost.
You squeeze benadryl's ghost.
Benadryl's ghost is heavily damaged.
Benadryl's ghost shouts, "To die, to sleep, no more."
Benadryl's ghost hits you!
You die...
Xom bursts into laughter!

......########### #............
......##........# #............
......##........# ########.....
......##........# ##.#..
................# ###.#..
................###########...#..
.#..#########.........[..##.###..
....#.......#..#########.##.# ###
....#..$$...#...@W5# #.##.#####
#...#.##.##.#...##.# #....##...
#...#.##.##.#...##.# #######.##
....#.##.##.#...##.# #....
##..#.......#..+##.# ######..#.
##..#.......#......# ##.........
....###'')###......## #...###....
...)................# #.⌠.# #....
...................####...###....


You could see an iron imp and benadryl's ghost.

Vanquished Creatures
  Pikel (D:4)
  Crazy Yiuf (D:2)
  A jelly (D:4)
  A sleepcap (D:4)
  Jessica (D:2)
  2 iguanas
  Terence (D:2)
  3 gnolls (D:3)
  2 adders
  An ufetubus (D:4)
  5 worms
  A dart slug (D:1)
  2 orcs
  7 ball pythons
  10 endoplasms
  2 giant cockroaches
  3 goblins (D:2)
  4 hobgoblins
  8 jackals
  5 quokkas
  4 bats
  A frilled lizard (D:1)
  4 kobolds
  5 rats
75 creatures vanquished.

Notes
Turn   | Place    | Note
-------+----------+-------------------------------------------
     0 | D:1      | Xavori the Octopode Chaos Knight began the quest for the
                  | Orb.
     0 | D:1      | Reached XP level 1. HP: 16/16 MP: 1/1
   290 | D:1      | Reached XP level 2. HP: 21/21 MP: 1/2
   373 | D:1      | Found a faded altar of an unknown god.
   688 | D:1      | Reached XP level 3. HP: 26/26 MP: 3/3
  1524 | D:1      | XOM: silly message
  1612 | D:1      | XOM: silly message
  1934 | D:1      | XOM: noise
  1976 | D:1      | XOM: torment (14/26 hp)
  2556 | D:1      | XOM: summons 2 hostile shadow creatures
  2586 | D:2      | XOM: summons 2 hostile demons
  3326 | D:1      | XOM: cloud trail
  3410 | D:1      | XOM: give mutations
  3410 | D:1      | Gained mutation: Your body sometimes deteriorates upon
                  | taking damage. [Xom's mischief]
  3410 | D:1      | Gained mutation: Your flesh is cold resistant. (rC+) [Xom's
                  | mischief]
  3436 | D:1      | XOM is BORED!
  3436 | D:1      | XOM: give mutations
  3436 | D:1      | Gained mutation: You expend magic power (3 MP) to
                  | strengthen your wands. [Xom's mischief]
  3436 | D:1      | Gained mutation: You are dopey. (Int -2) [Xom's mischief]
  3436 | D:1      | Gained mutation: You occasionally lose the ability to drink
                  | potions when taking damage. [Xom's mischief]
  3521 | D:1      | XOM: summons 2 hostile demons
  4564 | D:1      | XOM: silly message
  5347 | D:1      | XOM is BORED!
  5347 | D:1      | XOM: draining
  5454 | D:1      | XOM: torment (12/22 hp)
  5589 | D:1      | XOM: scenery: 1 doors close
  6005 | D:1      | XOM: god gift: phantom mirror
  6764 | D:1      | XOM is BORED!
  6764 | D:1      | XOM: summons 1 hostile shadow creature
  7219 | D:1      | XOM: give mutation
  7219 | D:1      | Gained mutation: Your system is resistant to poisons.
                  | (rPois) [Xom's grace]
  7511 | D:1      | XOM: scenery: 1 doors open
  8122 | D:1      | XOM: god gift: wand of charming (6)
  8598 | D:1      | XOM: silly message
  8988 | D:1      | XOM: noise
  9055 | D:1      | XOM: cloud trail
  9414 | D:1      | XOM: scenery: 1 doors close
  9689 | D:1      | XOM: give mutation
  9689 | D:1      | Gained mutation: One of your tentacles bears a spike.
                  | [Xom's grace]
  9730 | D:1      | XOM: give mutation
  9730 | D:1      | Gained mutation: One of your tentacles bears a nasty spike.
                  | [Xom's grace]
 10114 | D:1      | XOM: give mutation
 10114 | D:1      | Lost mutation: Your system is resistant to poisons. (rPois)
                  | [Xom's mischief]
 10129 | D:1      | XOM: scenery: 1 doors open
 10502 | D:1      | XOM: cloud trail
 10739 | D:2      | Reached skill level 1 in Stealth
 10896 | D:2      | XOM: smoke on damage
 10909 | D:2      | Noticed Jessica
 10915 | D:2      | Killed Jessica
 10916 | D:2      | Reached skill level 2 in Stealth
 10916 | D:2      | Reached XP level 4. HP: 29/32 MP: 4/4
 10939 | D:2      | XOM: 3-stop teleportation journey
 10942 | D:2      | XOM: silly message
 11163 | D:2      | XOM: cloud trail
 11570 | D:2      | Found the +5 demon whip "Spellbinder" {antimagic, disrupt,
                  | Will+}
 11571 | D:2      | Found a runed translucent door.
 11576 | D:2      | Noticed Crazy Yiuf
 11580 | D:2      | Identified the +3 hammer of Honesty {freeze, Contam rC+++
                  | rCorr Dex-3}
 11592 | D:2      | Killed Crazy Yiuf
 11593 | D:2      | Reached skill level 3 in Stealth
 11593 | D:2      | Reached XP level 5. HP: 37/37 MP: 5/5
 11738 | D:3      | XOM: chaos upgrade
 11749 | D:3      | XOM: noise
 11755 | D:3      | Reached skill level 4 in Stealth
 11755 | D:3      | Noticed Terence
 11756 | D:3      | XOM: swap monsters
 11790 | D:3      | XOM: fake destruction
 11795 | D:2      | XOM: potion effect (berserk rage)
 11797 | D:2      | Killed Terence
 11888 | D:3      | Reached XP level 6. HP: 43/43 MP: 6/6
 11925 | D:3      | Reached skill level 5 in Stealth
 12246 | D:3      | XOM: silly message
 12453 | D:4      | XOM: torment (23/43 hp)
 12546 | D:4      | XOM: 4-stop teleportation journey
 12570 | D:4      | Noticed Pikel
 12571 | D:4      | Noticed benadryl's ghost (amateur OgRe)
 12575 | D:4      | Found a runed translucent gate.
 12575 | D:4      | Found a runed translucent gate.
 12583 | D:4      | XOM: noise
 12594 | D:4      | XOM: enchant monster (good)
 12595 | D:4      | XOM: enchant monster (good)
 12605 | D:4      | Killed Pikel
 12606 | D:4      | Reached skill level 7 in Stealth
 12606 | D:4      | Reached skill level 1 in Shapeshifting
 12606 | D:4      | Reached XP level 7. HP: 49/49 MP: 7/7
 12654 | D:4      | Found a runed translucent gate.
 12956 | D:4      | Found a staircase to the Ecumenical Temple.
 13049 | D:4      | XOM: polymorph white imp -> iron imp
 13055 | D:4      | XOM: blink monster(s)
 13067 | D:4      | Slain by benadryl's ghost

Illustrated notes

Levels and vault maps discovered:
D:1:      lordsloth_arrival_two_stooges, layout_basic,
          hellmonk_ecumenical_altar_lost_god, minmay_misc_feat_plants,
          nicolae_figureground_sparkle
D:2:      minmay_door_path, layout_loops_ring, uniq_jessica,
          uniq_crazy_yiuf_cottage
D:3:      cheibrodos_helix_gallery, layout_loops_ring, minmay_misc_feat_rows,
          hangedman_decor_diamond_cutter, uniq_terence
D:4:      layout_basic, minmay_temple_entry_junction, gammafunk_ghost_split,
          uniq_pikel

Skill      XL: |  1  2  3  4  5  6 |
---------------+-------------------+-----
Stealth        | 2 3 4 7 |  7.8
Fighting       | 4 |  4.4
Short Blades   | 4 |  4.8
Dodging        | 3 |  3.1
Evocations     | 2 |  2.4
Shapeshifting  | 1 |  1.9

Action                     |  1- 3 |  4- 6 |  7- 9 || total
---------------------------+-------+-------+-------++-------
  Melee: Short sword       |    69 |    66 |    23 ||   158
         Constrict         |    20 |    21 |     6 ||    47
         Tentacles         |    17 |    16 |     9 ||    42
         Kick              |     2 |    21 |     4 ||    27
         Punch             |       |     2 |       ||     2
   Stab: Sleeping          |     2 |    11 |     2 ||    15
         Paralysed         |       |     3 |     1 ||     4
         Distracted        |       |       |     1 ||     1
 Armour: Skin              |    37 |    15 |    11 ||    63
  Dodge: Dodged            |    50 |    24 |     4 ||    78

Table legend: (Time is in decaauts)
 A = Elapsed time spent in this place.
 B = Non-inter-level travel time spent in this place.
 C = Inter-level travel time spent in this place.
 D = Time resting spent in this place.
 E = Time spent auto-exploring this place.
 F = Levels seen in this place.
 G = Mean time per level.
                   A        B        C        D        E       F      G
               +--------+--------+--------+--------+--------+-----+--------+
         Total |  13054 |  12902 |    152 |   9722 |   2576 |   4 | 3263.5 |
       Dungeon |  13054 |  12902 |    152 |   9722 |   2576 |   4 | 3263.5 |
               +--------+--------+--------+--------+--------+-----+--------+

Top non-repeatable levels by time:
     D:1: 9933 daAuts
     D:2: 1764 daAuts
     D:4: 687 daAuts
     D:3: 670 daAuts
